 Dungeon Crawl Stone Soup version 0.29.1-2-gbd0b4ee654 (webtiles) character file.

Game seed: 15757183286135507846

51 DildoBatman the Conjurer (level 4, 0/30 HPs)
             Began as a Formicid Conjurer on Nov 21, 2022.
             Slain by an adder (1 damage)
             ... on level 6 of the Dungeon.
             The game lasted 00:03:07 (1521 turns).

DildoBatman the Conjurer (Formicid Conjurer)        Turns: 1521, Time: 00:03:08

Health: 0/30       AC:  2    Str: 12    XL:     4   Next: 5%
Magic:  7/7        EV: 12    Int: 19    God:
Gold:   60         SH:  0    Dex: 12    Spells: 4/7 levels left

rFire   . . .      SeeInvis +   b - +0 spear
rCold   . . .      Faith    .   (no shield)
rNeg    . . .      Spirit   .   v - +0 robe
rPois   .          Reflect  .   (helmet unavailable)
rElec   .          Harm     .   (no cloak)
rCorr   .          Rampage  .   (no gloves)
Will    .....                   (no boots)
Stlth   ++........              (no amulet)
HPRegen 0.10/turn               (no ring)
MPRegen 0.10/turn               (no ring)

@: no status effects
A: permanent stasis, dig shafts and tunnels, antennae 3, four strong arms
a: Dig, Shaft Self


You were on level 6 of the Dungeon.
You visited 1 branch of the dungeon, and saw 5 of its levels.

You collected 60 gold pieces.

Inventory:

Hand Weapons
 a - the +4 spear "Abbeed" {freeze, MP-9 Dex+5}
   (You took it off a hobgoblin on level 2 of the Dungeon)

   It freezes those it strikes, dealing additional cold damage.
   It can also slow down cold-blooded creatures.
   Dex:       It affects your dexterity (+5).
   MP:        It affects your magic capacity (-9).
 b - a +0 spear (weapon)
 h - a +0 dagger
 m - a +0 short sword
Missiles
 e - 6 atropa-tipped darts
 g - 24 stones
 j - 3 javelins
Armour
 v - a +0 robe (worn)
Jewellery
 i - an amulet of guardian spirit
Scrolls
 c - a scroll of butterflies {unknown}
 f - a scroll of identify {unknown}
 l - 3 scrolls of vulnerability {unknown}
 q - 2 scrolls of silence {unknown}
 r - a scroll of brand weapon {unknown}
 t - 3 scrolls of teleportation {unknown}
Potions
 d - 2 potions of invisibility {unknown}
 k - a potion of heal wounds {unknown}
 n - a potion of magic
 o - a potion of degeneration {unknown}
 p - a potion of flight {unknown}
 s - 2 potions of brilliance {unknown}
 u - a potion of ambrosia {unknown}


   Skills:
 - Level 1.7 Dodging
 - Level 2.4 Stealth
 - Level 2.1 Spellcasting
 * Level 4.9 Conjurations


You had 4 spell levels left.
You knew the following spells:

 Your Spells              Type           Power      Damage    Failure   Level
a - Searing Ray           Conj           40%        2d5       3%          2
c - Magic Dart            Conj           80%        1d7       2%          1

Your spell library contained the following spells:

 Spells                   Type           Power      Damage    Failure   Level
 Dazzling Flash           Conj/Hex       22%        N/A       19%         3
 Fulminant Prism          Conj/Hex       5%         3d7       52%         4
 Iskenderun's Mystic Bla  Conj/Tloc      11%        2d4       52%         4
 Malign Gateway           Summ/Tloc      1%         N/A       100%        7
 Summon Horrible Things   Summ           1%         N/A       100%        8


Dungeon Overview and Level Annotations

Branches:
Dungeon (3/15)

Altars:


Innate Abilities, Weirdness & Mutations

You cannot be hasted, slowed, berserked, paralysed or teleported.
You can dig through walls and to a lower floor.
You have a pair of large antennae on your head. (SInv)
Your four strong arms can wield two-handed weapons with a shield.


Message History

The adder misses you. What are your orders? t - Shout!
Orders for allies: a - Attack new target. r - Retreat! s - Stop attacking. g - Guard the area. f - Follow me.
Anything else - Cancel.
You shout for attention!
You feel sick. The adder bites you. The adder closely misses you.
What are your orders? t - Shout!
Orders for allies: a - Attack new target. r - Retreat! s - Stop attacking. g - Guard the area. f - Follow me.
Anything else - Cancel.
You shout for attention!
You feel sick. The adder bites you. What are your orders? t - Shout!
Orders for allies: a - Attack new target. r - Retreat! s - Stop attacking. g - Guard the area. f - Follow me.
Anything else - Cancel.
You shout for attention!
You feel sick.
You are no longer poisoned.
The adder bites you. What are your orders? t - Shout!
Orders for allies: a - Attack new target. r - Retreat! s - Stop attacking. g - Guard the area. f - Follow me.
Anything else - Cancel.
You shout for attention!
The adder barely misses you. The adder bites you.
You die... .# .# .# .# .# .# ########.# ..)...S@.# ##########

You could see an adder.

Vanquished Creatures
  An adder (D:2)
  A dart slug (D:2)
  2 ball pythons (D:1)
  3 endoplasms (D:1)
  3 giant cockroaches (D:1)
  7 goblins
  3 hobgoblins
  A kobold (D:1)
  A quokka (D:1)
  4 bats
  4 frilled lizards
  7 rats
37 creatures vanquished.

Notes
Turn   | Place    | Note
-------+----------+-------------------------------------------
     0 | D:1      | DildoBatman the Formicid Conjurer began the quest for the
                  | Orb.
     0 | D:1      | Reached XP level 1. HP: 13/13 MP: 3/3
   171 | D:1      | Reached skill level 4 in Conjurations
   171 | D:1      | Reached XP level 2. HP: 8/19 MP: 1/5
   180 | D:1      | Learned a level 2 spell: Searing Ray
   535 | D:1      | Reached XP level 3. HP: 24/24 MP: 2/6
  1381 | D:2      | Identified the +4 spear "Abbeed" {freeze, MP-9 Dex+5}
  1446 | D:2      | Reached XP level 4. HP: 30/30 MP: 0/7
  1448 | D:2      | You fall into a shaft and drop 1 floor!
  1487 | D:3      | You fall into a shaft and drop 2 floors!
  1487 | D:5      | Entered Level 5 of the Dungeon
  1501 | D:5      | You fall into a shaft and drop 1 floor!
  1520 | D:6      | HP: 1/30 [adder (1)]
  1521 | D:6      | Slain by an adder

Illustrated notes

Levels and vault maps discovered:
D:1:      nzn_arrival_settlement, layout_loops_ring
D:2:      layout_loops_ring, grunt_ministairs_7, kennysheep_generic_room_8
D:3:      layout_loops_ring, mainiacjoe_overflow_cross_hatched,
          gup_sewer_entry_bubbles, hellmonk_ecumenical_altar_defaced_shrine,
          serial_shops, nicolae_diamond_shop, uniq_crazy_yiuf_cottage,
          uniq_grinder, uniq_sigmund
D:5:      layout_gridville, kennysheep_little_box, kennysheep_crisscross
D:6:      layout_loops_ring, minmay_temple_entry_butterflies,
          ebering_ghost_sewer_f

Skill      XL: |  1 |
---------------+----+-----
Conjurations   | 4 |  4.9
Dodging        | |  1.7
Stealth        | |  2.4
Spellcasting   | |  2.1

Action                   |  1- 3 |  4- 6 || total
-------------------------+-------+-------++-------
Melee: Dagger            |    18 |       ||    18
       Short sword       |     4 |       ||     4
       Spear             |    15 |       ||    15
 Cast: Magic Dart        |    48 |       ||    48
       Searing Ray       |     2 |       ||     2
 Abil: Shaft Self        |       |     3 ||     3
 Stab: Sleeping          |     3 |       ||     3
Armor: Robe              |     3 |       ||     3
Dodge: Dodged            |    27 |     8 ||    35
